 Dungeon Crawl Stone Soup version 0.31-a0-408-gb642c7f9a3 (webtiles) character file.

Game seed: 2424010040083191493

6 Gelion the Changeling (level 1, -2/13 HPs)
             Began as an Octopode Shapeshifter on July 29, 2023.
             Slain by a kobold
             ... wielding a +0 dagger
              (3 damage)
             ... on level 1 of the Dungeon.
             The game lasted 00:00:18 (140 turns).

Gelion the Changeling (Octopode Shapeshifter)        Turns: 140, Time: 00:00:18

Health: -2/13      AC:  1    Str: 14    XL:     1   Next: 90%
Magic:  1/1        EV: 13    Int: 10    God:
Gold:   7          SH:  0    Dex: 12    Spells: 0/0 levels left

rFire   . .          .
                       - Unarmed
rCold   . . .        (no shield)
rNeg    . . .        (helmet currently unavailable)
rPois   .            (no amulet)
rElec   .            (no ring)
rCorr   .            (no ring)
SInv    .            (no ring)
Will    .....        (no ring)
Stlth   ++           (no ring)
HPRegen 0.22/turn    (no ring)
MPRegen 0.07/turn    (no ring)
                     (no ring)

%: no passive effects
@: beast-form
A: beast (slay +2), almost no armour, amphibious, 8 rings, camouflage 1,
gelatinous body 1, (nimble swimmer 1), tentacles
a: Begin Untransformation


You were on level 1 of the Dungeon.
You were a hulking beast.
You visited 1 branch of the dungeon, and saw 1 of its levels.

You collected 7 gold pieces.

Inventory:

Talismans
 b - a beast talisman
Potions
 a - a potion of lignification
 c - a potion of degeneration {unknown}


   Skills:
 + Level 1.2 Fighting
 - Level 2.0 Dodging
 + Level 3.1 Unarmed Combat
 * Level 3.1 Shapeshifting


You couldn't memorise any spells.
You didn't know any spells.
Your spell library was empty.

Dungeon Overview and Level Annotations

Branches:
Dungeon (1/15)

Altars:


Innate Abilities, Weirdness & Mutations

You are a hulking beast.
Your limbs bulge with bestial killing power. (Slay +2)
You cannot wear most types of armour.
You are amphibious.
You can wear up to eight rings at the same time.
Your skin changes colour to match your surroundings (Stealth+).
Your rubbery body absorbs attacks. (AC +1, EV +1)
((You are camouflaged when in or above water. (Stealth+)))
You have tentacles for arms and can constrict up to eight enemies at once.


Message History

You kill the endoplasm!
HP restored.
You see here a frilled lizard corpse.
You now have 7 gold pieces.
A giant cockroach comes into view.
You see here a scroll labelled YLYOMAMOFE.
A giant cockroach is nearby!
An endoplasm comes into view.
A kobold and an endoplasm come into view.
A frilled lizard comes into view.
The kobold shouts!
The endoplasm quivers. x2
The giant cockroach bites you.
You barely miss the giant cockroach.
The frilled lizard hisses angrily.
You grab the giant cockroach. You squeeze the giant cockroach.
You kill the giant cockroach!
The kobold barely misses you.
You tentacle-slap the endoplasm.
The endoplasm is almost dead.
The endoplasm freezes you.
You are frozen.
The kobold barely misses you.
You tentacle-slap the endoplasm but do no damage.
The endoplasm is almost dead.
The kobold hits you with a +0 dagger. The endoplasm freezes you.
You are frozen.
* * * LOW HITPOINT WARNING * * *
You are too injured to fight recklessly!
You are too injured to fight recklessly!
The kobold barely misses you. The endoplasm attacks as you move away!
The endoplasm barely misses you.
You completely miss the endoplasm. You squeeze the endoplasm.
You kill the endoplasm!
You miss the kobold. Your grab misses the kobold.
The kobold hits you with a +0 dagger.
* * * LOW HITPOINT WARNING * * *
You closely miss the kobold. Your grab misses the kobold.
Your squeeze misses the kobold. The kobold hits you with a +0 dagger.
You die...

#..........#
###..........#
............#
#..........# ##
#......†...# .#
#..........# .#
#...lJ.....#
.###############K######
..........†...##h#
..##############?# ..#
##.# #.#############..#
#.............#.##
#.###########.#.# ..#
#.#.# ..# #.#.# ..#
#.#.#


You could see an endoplasm, a kobold and a frilled lizard.

Vanquished Creatures
  2 endoplasms (D:1)
  A giant cockroach (D:1)
  A goblin (D:1)
  A frilled lizard (D:1)
5 creatures vanquished.

Notes
Turn   | Place    | Note
-------+----------+-------------------------------------------
     0 | D:1      | Gelion the Octopode Shapeshifter began the quest for the
                  | Orb.
     0 | D:1      | Reached XP level 1. HP: 13/13 MP: 1/1
   140 | D:1      | Slain by a kobold

Illustrated notes

Levels and vault maps discovered:
D:1:      psy_arrival_whirlpool, layout_rooms

Action                     || total
---------------------------++-------
  Melee: Unarmed           ||    10
         Tentacles         ||     4
         Constrict         ||     2
   Stab: Sleeping          ||     3
  Dodge: Dodged            ||     4

Table legend: (Time is in decaauts)
 A = Elapsed time spent in this place.
 B = Non-inter-level travel time spent in this place.
 C = Inter-level travel time spent in this place.
 D = Time resting spent in this place.
 E = Time spent auto-exploring this place.
 F = Levels seen in this place.
 G = Mean time per level.
                   A        B        C        D        E       F      G
               +--------+--------+--------+--------+--------+-----+--------+
         Total |    139 |    139 |      0 |      0 |    104 |   1 |  139.0 |
       Dungeon |    139 |    139 |      0 |      0 |    104 |   1 |  139.0 |
               +--------+--------+--------+--------+--------+-----+--------+

Top non-repeatable levels by time:
     D:1: 139 daAuts
